 Dungeon Crawl Stone Soup version 0.29-a0-330-g52719c12eb (webtiles) character file.

Game seed: 10297555369286132141

274 Crownlay the Insei (level 6, -5/41 HPs)
             Began as an Octopode Transmuter on May 1, 2022.
             Slain by an orc warrior
             ... wielding a +0 glaive
              (13 damage)
             ... on level 4 of the Dungeon.
             The game lasted 00:04:27 (2967 turns).

Crownlay the Insei (Octopode Transmuter)            Turns: 2967, Time: 00:04:28

Health: -5/41      AC:  1    Str:  9    XL:     6   Next: 24%
Magic:  7/11       EV: 13    Int: 17    God:
Gold:   216        SH:  0    Dex: 13    Spells: 8/12 levels left

rFire   . . .      SeeInvis .     - Unarmed
rCold   . . .      Faith    .   (no shield)
rNeg    . . .      Spirit   .   (helmet restricted)
rPois   .          Reflect  .   d - amulet of regeneration
rElec   .          Harm     .   i - ring of resist corrosion
rCorr   +          Rampage  .   (no ring)
Will    .....                   (no ring)
Stlth   ++........              (no ring)
HPRegen 0.93/turn               (no ring)
MPRegen 0.12/turn               (no ring)
                                (no ring)
                                (no ring)

@: no status effects
A: almost no armour, amphibious, 8 rings, camouflage 1, gelatinous body 1,
(nimble swimmer 1), tentacles
a: no special abilities


You were on level 4 of the Dungeon.
You visited 1 branch of the dungeon, and saw 4 of its levels.

You collected 216 gold pieces.

Inventory:

Missiles
 n - a throwing net
Jewellery
 d - an amulet of regeneration (around mantle)
 i - a ring of resist corrosion (left tentacle)
Scrolls
 b - a scroll of teleportation
 c - a scroll of identify
Potions
 a - 2 potions of lignification
 e - 2 potions of resistance {unknown}
 f - 2 potions of brilliance {unknown}
 h - a potion of degeneration {unknown}
 j - 2 potions of might {unknown}
 k - a potion of magic {unknown}
 l - a potion of mutation {unknown}
 m - a potion of attraction {unknown}
 o - a potion of curing {unknown}


   Skills:
 + Level 2.6 Fighting
 - Level 2.0 Dodging
 + Level 3.9 Unarmed Combat
 * Level 3.9 Spellcasting
 + Level 3.2 Transmutations
 + Level 1.3 Poison Magic


You had 8 spell levels left.
You knew the following spells:

 Your Spells              Type           Power      Damage    Failure   Level
a - Beastly Appendage     Tmut           28%        N/A       4%          1
b - Spider Form           Tmut/Pois      11%        N/A       19%         3

Your spell library contained the following spells:

 Spells                   Type           Power      Damage    Failure   Level
 Wereblood                Tmut           14%        N/A       6%          2
 Animate Skeleton         Necr           6%         N/A       16%         1
 Pain                     Necr           12%        1d4       16%         1
 Vampiric Draining        Necr           3%         2d6       43%         3
 Ice Form                 Ice/Tmut       8%         N/A       63%         4


Dungeon Overview and Level Annotations

Branches:
Dungeon (4/15)
 Temple: D:4-7

Altars:
Zin


Innate Abilities, Weirdness & Mutations

You cannot wear most types of armour.
You are amphibious.
You can wear up to eight rings at the same time.
Your skin changes colour to match your surroundings (Stealth+).
Your rubbery body absorbs attacks. (AC +1, EV +1)
((You are camouflaged when in or above water. (Stealth+)))
You have tentacles for arms and can constrict up to eight enemies at once.


Message History

You kill the orc wizard!
You hit the orc but do no damage.
The orc is poisoned.
The orc completely misses you.
Your magical contamination has completely faded away.
You hit the orc but do no damage.
The orc looks as sick as possible!
The orc misses you.
You bite the orc!
You kill the orc!
You hit the dart slug.
The dart slug is lightly wounded.
You hit the dart slug.
The dart slug is poisoned.
The dart slug is heavily wounded.
The dart slug misses you. The orc warrior completely misses you.
You bite the dart slug!
You kill the dart slug!
The orc warrior closely misses you.
Your transformation has ended.
The orc warrior misses you.
Items here: )) [ ††.
You tentacle-slap the orc warrior but do no damage.
You grab the orc warrior.
You constrict the orc warrior, but do no damage.
The orc warrior closely misses you.
You tentacle-slap the orc warrior but do no damage.
You constrict the orc warrior, but do no damage.
The orc warrior hits you with a +0 glaive!!
You tentacle-slap the orc warrior. You squeeze the orc warrior.
The orc warrior is moderately wounded.
You constrict the orc warrior. The orc warrior barely misses you.
You tentacle-slap the orc warrior but do no damage.
You tentacle-slap the orc warrior, but do no damage.
The orc warrior is moderately wounded.
You constrict the orc warrior.
The orc warrior hits you with a +0 glaive!
* * * LOW HITPOINT WARNING * * *
You tentacle-slap the orc warrior but do no damage.
The orc warrior is moderately wounded.
You constrict the orc warrior.
The orc warrior hits you with a +0 glaive!
You die...

### ##
#.. ...
#.# ....
#.#
.$...##.#
........#
#<# #@#
#o# #o#
#o# #.#
..# ###


You could see an orc warrior, an orc priest and an orc.

Vanquished Creatures
  A jelly (D:3)
  An orc wizard (D:4)
  9 adders
  4 gnolls (D:3)
  A worm (D:3)
  3 dart slugs
  8 orcs
  9 ball pythons
  11 endoplasms
  2 giant cockroaches
  6 goblins
  7 hobgoblins
  4 jackals (D:2)
  3 quokkas
  4 bats
  2 frilled lizards
  8 kobolds
  4 rats
87 creatures vanquished.

Notes
Turn   | Place    | Note
-------+----------+-------------------------------------------
     0 | D:1      | Crownlay the Octopode Transmuter began the quest for the
                  | Orb.
     0 | D:1      | Reached XP level 1. HP: 13/13 MP: 3/3
   317 | D:1      | Reached XP level 2. HP: 18/18 MP: 5/5
   791 | D:1      | Reached XP level 3. HP: 18/23 MP: 4/6
   795 | D:1      | Learned a level 3 spell: Spider Form
  1312 | D:2      | Reached XP level 4. HP: 10/29 MP: 6/8
  1345 | D:2      | Found a faded altar of an unknown god.
  2057 | D:3      | Reached XP level 5. HP: 29/34 MP: 1/9
  2513 | D:3      | Reached skill level 1 in Poison Magic
  2513 | D:3      | Reached XP level 6. HP: 34/41 MP: 9/11
  2810 | D:3      | Found a glowing silver altar of Zin.
  2883 | D:4      | Noticed a black bear
  2942 | D:4      | Noticed an orc warrior
  2967 | D:4      | Slain by an orc warrior

Illustrated notes

Levels and vault maps discovered:
D:1:      lemuel_arrival_cross, layout_loops_ring, corexii_leaking_fountain
D:2:      layout_loops_ring, shapermc_ecumenical_altar_starsandcircs
D:3:      minmay_diamond_boxcup, layout_loops_ring, zin_scriptorium,
          minmay_three_crescents
D:4:      layout_basic, serial_shops, shop, uniq_menkaure

Skill      XL: |  1  2  3  4  5 |
---------------+----------------+-----
Fighting       | 2 |  2.6
Spellcasting   | 3 |  3.9
Transmutations | 3 |  3.2
Poison Magic   | 1 |  1.3
Dodging        | |  2.0
Unarmed Combat | |  3.9

Action                   |  1- 3 |  4- 6 || total
-------------------------+-------+-------++-------
Melee: Unarmed           |    70 |   128 ||   198
       Tentacles         |    15 |    16 ||    31
       Kick              |    19 |    33 ||    52
       Constrict         |    21 |    25 ||    46
       Punch             |       |     3 ||     3
 Cast: Beastly Appendage |    20 |    23 ||    43
       Spider Form       |       |     4 ||     4
  Use: Scroll            |       |     2 ||     2
 Stab: Sleeping          |     5 |     1 ||     6
Armor: Skin              |     7 |    11 ||    18
Dodge: Dodged            |    43 |    89 ||   132

Table legend: (Time is in decaauts)
 A = Elapsed time spent in this place.
 B = Non-inter-level travel time spent in this place.
 C = Inter-level travel time spent in this place.
 D = Time resting spent in this place.
 E = Time spent auto-exploring this place.
 F = Levels seen in this place.
 G = Mean time per level.
                   A        B        C        D        E       F      G
               +--------+--------+--------+--------+--------+-----+--------+
         Total |   2955 |   2850 |    105 |      0 |   2260 |   4 |  738.8 |
       Dungeon |   2955 |   2850 |    105 |      0 |   2260 |   4 |  738.8 |
               +--------+--------+--------+--------+--------+-----+--------+

Top non-repeatable levels by time:
     D:1: 1135 daAuts
     D:3: 1003 daAuts
     D:2: 727 daAuts
     D:4: 88 daAuts
